 Dungeon Crawl Stone Soup version 0.32-a0-411-g744942f433 (webtiles) character file.

Game seed: 12308159219936830433

91 adelrune the Chopper (level 4, 0/38 HPs)
             Began as an Armataur Cinder Acolyte on Feb 20, 2024.
             Was a High Priest of Ignis.
             Slain by Edmund
             ... wielding a +3 flail of venom
              (4 damage)
             ... on level 3 of the Dungeon.
             The game lasted 00:04:57 (2051 turns).

adelrune the Chopper (Armataur Cinder Acolyte)      Turns: 2051, Time: 00:04:58

Health: 0/38       AC:  8    Str: 21    XL:     4   Next: 34%
Magic:  14/14      EV:  6    Int: 15    God:    Ignis [*****.]
Gold:   137        SH:  0    Dex:  5    Spells: 5/5 levels left

rFire   + + .        r - +3 quarterstaff "Bouluip" {freeze, rF+ rCorr MP+9 Stlth-}
rCold   . . .        (shield currently unavailable)
rNeg    . . .        k - +0 chain mail
rPois   .            (no helmet)
rElec   .            (no cloak)
rCorr   +            i - +0 pair of gloves
SInv    .            (no barding)
Will    +....        (no amulet) Stlth
                     u - ring of willpower
HPRegen 0.26/turn    (no ring)
MPRegen 0.14/turn

%: roll
@: no status effects
A: large, deformed body, tough skin 3, armoured tail, roll 1
a: Renounce Religion, Fiery Armour, Foxfire Swarm, Rising Flame


You were on level 3 of the Dungeon.
You worshipped Ignis.
Ignis was extremely pleased with you.
You visited 1 branch of the dungeon, and saw 4 of its levels.

You collected 137 gold pieces.

Inventory:

Hand Weapons
 a - a -1 hand axe of flaming
 r - the +3 quarterstaff "Bouluip" (weapon) {freeze, rF+ rCorr MP+9 Stlth-}
   (You found it on level 3 of the Dungeon)

   rF+:       It protects you from fire.
   MP+9:      It affects your magic capacity (+9).
   rCorr:     It protects you from acid and corrosion.
   Stlth-:    It makes you less stealthy.
Armour
 b - a +0 robe
 f - a +0 leather armour
 i - a +0 pair of gloves (worn)
 k - a +0 chain mail (worn)
Jewellery
 u - a ring of willpower (left hand)
Wands
 m - a wand of flame (45)
 q - a wand of iceblast (8)
Scrolls
 e - 4 scrolls of identify {unknown}
 g - a scroll of silence {unknown}
 l - 2 scrolls of revelation {unknown}
 n - a scroll of blinking {unknown}
 o - a scroll of enchant weapon {unknown}
 p - a scroll of teleportation {unknown}
 s - a scroll of enchant armour {unknown}
 t - a scroll of amnesia {unknown}
 v - a scroll of noise {unknown}
 w - 3 scrolls of fog {unknown}
Potions
 c - 2 potions of heal wounds {unknown}
 d - a potion of enlightenment {unknown}
 h - a potion of brilliance {unknown}
 j - a potion of resistance {unknown}


   Skills:
 + Level 3.2 Fighting
 * Level 3.4 Axes
 + Level 2.2 Armour
 - Level 1.0 Spellcasting
 - Level 2.6 Fire Magic


You had 5 spell levels left.
You didn't know any spells.
Your spell library contained the following spells:

 Spells                   Type           Power      Damage    Failure   Level
 Scorch                   Fire           16%        2d5       65%         2
 Sandblast                Erth           0%         2d4       87%         1
 Passwall                 Erth           0%         N/A       99%         3
 Stone Arrow              Conj/Erth      0%         3d7       99%         3
 Brom's Barrelling Bould  Conj/Erth      0%         2d3       100%        4


Dungeon Overview and Level Annotations

Branches:
Dungeon (4/15)
 Temple: D:4-7

Altars:
Vehumet

Annotations:
D:3 Edmund


Innate Abilities, Weirdness & Mutations

Armour fits poorly on your strangely shaped body.
You have extremely tough skin. (AC +3)
You have a long armoured tail.
You regenerate magic when rolling toward enemies. (Rampage MPRegen)


Message History

The adder bites you but does no damage.
Edmund hits you with a +3 flail of venom!
The endoplasm hits you but does no damage.
The adder bites you but does no damage.
You hit Edmund. You freeze Edmund.
Edmund is lightly wounded.
You feel sick.
Edmund zaps a wand.
The puff of flame hits you. You resist. The adder barely misses you.
A kobold comes into view. It is wielding a +0 club.
The endoplasm hits you but does no damage.
Edmund zaps a wand.
The puff of flame hits you. You resist. The adder bites you but does no damage.
A black bear comes into view.
The endoplasm hits you but does no damage.
You feel sick. The adder attacks as it pursues you!
The adder bites you but does no damage.
You feel sick.
You feel sick.
You are no longer poisoned.
The adder bites you.
You are poisoned.
The adder poisons you!
You feel sick. The adder bites you. The hobgoblin hits you.
* * * LOW HITPOINT WARNING * * *
There is a stone staircase leading up, spattered with blood here.
You feel sick. The adder bites you but does no damage.
The hobgoblin barely misses you.
Edmund says, "A flail is better than a scythe, any day of the week!"
Edmund hits you with a +3 flail of venom.
* * * LOW HITPOINT WARNING * * *
You climb upwards.
You feel sick.
You are no longer poisoned.
There is a stone staircase leading down here.
You see here a giant cockroach corpse.
You barely miss the adder. The adder bites you but does no damage.
The adder barely misses you.
Edmund hits you with a +3 flail of venom.
You die...
Edmund says, "That'll show my brother!"
Ignis goes out, and joins you in death.

##### ######### #...# #.......#
##### #.#.#######.#####.# ....#
#.#.........# #.# ###.#
#.########### #.# # #.# #.#
##.## # #.####
#.##############...## # #.##.##
#..S@@g.........#.#.# #
#.#...#####.############.##.##.
###[...........## #(...##.
..........#.###.# #..####.
##..........# #.# #..###.#
##........#.###.# #.......
##.#.....###...## ##......
##...........)## #######
######.######.# #


You could see Edmund, an adder and a hobgoblin.

Vanquished Creatures
  2 adders (D:3)
  5 dart slugs
  An orc (D:4)
  3 ball pythons
  2 bats (D:1)
  3 endoplasms (D:3)
  3 giant cockroaches
  4 goblins
  4 hobgoblins
  2 frilled lizards (D:3)
  5 kobolds
  3 rats
37 creatures vanquished.

Notes
Turn   | Place    | Note
-------+----------+-------------------------------------------
     0 | D:1      | adelrune the Armataur Cinder Acolyte began the quest for
                  | the Orb.
     0 | D:1      | Reached XP level 1. HP: 18/18 MP: 2/2
    92 | D:1      | Reached XP level 2. HP: 25/25 MP: 3/3
    93 | D:1      | Reached skill level 1 in Armour
   226 | D:1      | Reached XP level 3. HP: 30/31 MP: 4/4
  1167 | D:3      | Identified the +3 quarterstaff "Bouluip" {freeze, rF+ rCorr
                  | MP+9 Stlth-}
  1273 | D:3      | Found a radiant altar of Vehumet.
  1721 | D:3      | Reached XP level 4. HP: 37/38 MP: 5/5
  2037 | D:4      | Noticed Edmund
  2044 | D:4      | Noticed a black bear
  2051 | D:3      | Slain by Edmund

Illustrated notes

Levels and vault maps discovered:
D:1:      dpeg_arrival_stone_temple_mockup, layout_basic,
          chequers_hall_statues_y
D:2:      layout_loops_ring
D:3:      layout_loops_ring, vehumet_altar_wand_db
D:4:      layout_rooms, grunt_ministairs_6, hex_large, uniq_edmund,
          uniq_blork_the_orc

Skill      XL: |  1  2  3 |
---------------+----------+-----
Armour         | 1 2 |  2.2
Fighting       | 3 |  3.2
Axes           | 3 |  3.4
Spellcasting   | |  1.0
Fire Magic     | |  2.6

Action                     |  1- 3 |  4- 6 || total
---------------------------+-------+-------++-------
  Melee: Hand axe          |    50 |       ||    50
         Tailslap          |     6 |     2 ||     8
         Quarterstaff      |    19 |    22 ||    41
 Armour: Robe              |    22 |       ||    22
         Leather armour    |     8 |       ||     8
         Chain mail        |    30 |    32 ||    62
  Dodge: Dodged            |    31 |     9 ||    40

Table legend: (Time is in decaauts)
 A = Elapsed time spent in this place.
 B = Non-inter-level travel time spent in this place.
 C = Inter-level travel time spent in this place.
 D = Time resting spent in this place.
 E = Time spent auto-exploring this place.
 F = Levels seen in this place.
 G = Mean time per level.
                   A        B        C        D        E       F      G
               +--------+--------+--------+--------+--------+-----+--------+
         Total |   2069 |   2025 |     44 |     93 |   1551 |   4 |  517.2 |
       Dungeon |   2069 |   2025 |     44 |     93 |   1551 |   4 |  517.2 |
               +--------+--------+--------+--------+--------+-----+--------+

Top non-repeatable levels by time:
     D:3: 799 daAuts
     D:2: 716 daAuts
     D:1: 537 daAuts
     D:4: 15 daAuts
